FSL
TAMPA YANKEES @ CLEARWATER THRESHERS
07/14/2098
 
TOP OF THE 1ST
Tampa Yankees batting - Pitching for Clearwater Threshers : RHP Vantrell Wilson
Pitching: RHP Vantrell Wilson
Batting: SHB Jaime Bennett 0-0: Ground out 6-3 (Groundball, 56, EV 109.4 MPH)
Batting: LHB Ruben Jauregui 0-0: Called Strike
0-1: Fly out, F1 (Line Drive, P, EV 72.5 MPH)
Batting: LHB Danny Grimes 0-0: Fly out, F9 (Flyball, 89S, EV 89.4 MPH)
Top of the 1st over - 0 runs, 0 hits, 0 errors, 0 left on base; Tampa 0 - Clearwater 0
BOTTOM OF THE 1ST
Clearwater Threshers batting - Pitching for Tampa Yankees : RHP Justin Pigott
Pitching: RHP Justin Pigott
Batting: RHB John Pierce 0-0: Ball
1-0: Foul Ball, location: 23F
1-1: Foul Ball, location: 9LSF
1-2: Foul Ball, location: 2F
1-2: Foul Ball, location: 2F
1-2: Foul Ball, location: 2F
1-2: Ball
2-2: Ball
3-2: Foul Ball, location: 2F
3-2: SOLO HOME RUN (Flyball, 7D, EV 103.1 MPH), Distance : 383 ft
Batting: RHB Ahmet Mripa 0-0: Hit by Pitch
Batting: LHB Isaiah Flagg 0-0: Ball
1-0: Ball
2-0: Foul Ball, location: 2F
2-1: Called Strike
2-2: Ball
3-2: DOUBLE (Flyball, 8LD, EV 97.5 MPH)
Ahmet Mripa to third
Batting: LHB Arturo Diaz 0-0: Ball
1-0: Ball
2-0: Ball
3-0: Called Strike
3-1: Called Strike
3-2: Foul Ball, location: 2F
3-2: SINGLE (Line Drive, 56D, EV 110.6 MPH)
Ahmet Mripa scores
Isaiah Flagg to third
Batting: RHB George Cantrelle 0-0: Fly out, F9 (Flyball, 9LSF, EV 89.4 MPH)
Batting: LHB Keith Ballinger 0-0: Ball
1-0: Foul Ball, location: 23FF
1-1: Fly out, F8 (Flyball, 8LD, EV 98.8 MPH)
Throwing error, E8
Isaiah Flagg scores
Arturo Diaz to second
Batting: RHB Pete Arden 0-0: Ground out 4-3 (Groundball, 4, EV 92.5 MPH)
Bottom of the 1st over - 3 runs, 3 hits, 1 error, 1 left on base; Tampa 0 - Clearwater 3
TOP OF THE 2ND
Tampa Yankees batting - Pitching for Clearwater Threshers : RHP Vantrell Wilson
Batting: SHB Abraham Morfin 0-0: Ball
1-0: Foul Ball, location: 7LDF
1-1: Called Strike
1-2: Strikes out looking
Batting: RHB Jack Duval 0-0: Ball
1-0: Ground out 6-3 (Groundball, 6M, EV 93.1 MPH)
Batting: RHB Jarrod Bryant 0-0: Ball
1-0: SINGLE (Groundball, 6MD, EV 105.0 MPH)
Batting: SHB Paul Kneeland 0-0: Ground out U3 (Groundball, 3, EV 81.3 MPH)
Top of the 2nd over - 0 runs, 1 hit, 0 errors, 1 left on base; Tampa 0 - Clearwater 3
BOTTOM OF THE 2ND
Clearwater Threshers batting - Pitching for Tampa Yankees : RHP Justin Pigott
Batting: RHB Juan Diaz 0-0: Foul Ball, location: 23FF
0-1: Foul Ball, location: 9LSF
0-2: Hit by Pitch
Batting: RHB Melvin Hanks 0-0: Called Strike
0-1: Foul Ball, location: 5DF
0-2: Ball
1-2: Ball
2-2: Foul Ball, location: 3F
2-2: Strikes out looking
Batting: RHB John Pierce 0-0: Ball
1-0: Called Strike
1-1: Foul Ball, location: 2F
1-2: Ball
2-2: Foul Ball, location: 2F
2-2: Fly out, F2 (Popup, 5SF, EV 81.3 MPH)
Batting: RHB Ahmet Mripa 0-0: Called Strike
0-1: Ball
1-1: Foul Ball, location: 3FF
1-2: Ball
2-2: Ground out 4-3 (Groundball, 34D, EV 98.8 MPH)
Bottom of the 2nd over - 0 runs, 0 hits, 0 errors, 1 left on base; Tampa 0 - Clearwater 3
TOP OF THE 3RD
Tampa Yankees batting - Pitching for Clearwater Threshers : RHP Vantrell Wilson
Batting: SHB Joel Centeno 0-0: Called Strike
0-1: Called Strike
0-2: Foul Ball, location: 2F
0-2: Strikes out swinging
Batting: RHB Nelson Rodriguez 0-0: Called Strike
0-1: Ball
1-1: Ball
2-1: Ball
3-1: Base on Balls
Batting: SHB Jaime Bennett 0-0: Ball
1-0: Ball
2-0: Ball
3-0: Base on Balls
Nelson Rodriguez to second
Batting: LHB Ruben Jauregui 0-0: Ball
1-0: SINGLE (Line Drive, 9S, EV 97.5 MPH)
Nelson Rodriguez to third
Jaime Bennett to second
Batting: LHB Danny Grimes 0-0: Ball
1-0: Ball
2-0: Foul Ball, location: 25F
2-1: Foul Ball, location: 7LDF
2-2: Ball
3-2: Base on Balls
Nelson Rodriguez scores
Jaime Bennett to third
Ruben Jauregui to second
Batting: SHB Abraham Morfin 0-0: Ball
1-0: Called Strike
1-1: Ball
2-1: Ball
3-1: Base on Balls
Jaime Bennett scores
Ruben Jauregui to third
Danny Grimes to second
Batting: RHB Jack Duval 0-0: Ball
1-0: SINGLE (Groundball, 4MD, EV 99.4 MPH)
Ruben Jauregui scores
Danny Grimes to third
Abraham Morfin to second
Batting: RHB Jarrod Bryant 0-0: Called Strike
0-1: Ball
1-1: Hit by Pitch
Danny Grimes scores
Abraham Morfin to third
Jack Duval to second
Batting: SHB Paul Kneeland 0-0: Fly out, F8 (Flyball, 8LXD, EV 106.9 MPH)
Runner from 3rd tags up, SCORES, no throw by CF
Jack Duval to third
Batting: SHB Joel Centeno 0-0: Ball
1-0: Called Strike
1-1: Ball
2-1: Ball
3-1: Ground out 6-3 (Groundball, 6M, EV 98.8 MPH)
Top of the 3rd over - 5 runs, 2 hits, 0 errors, 2 left on base; Tampa 5 - Clearwater 3
BOTTOM OF THE 3RD
Clearwater Threshers batting - Pitching for Tampa Yankees : RHP Justin Pigott
Batting: LHB Isaiah Flagg 0-0: Ground out 4-3 (Groundball, 4M, EV 100.6 MPH)
Batting: LHB Arturo Diaz 0-0: Ball
1-0: Called Strike
1-1: SINGLE (Line Drive, 4M, EV 94.4 MPH)
Batting: RHB George Cantrelle 0-0: Foul Ball, location: 2F
0-1: Ground out 5-3 (Groundball, 56S, EV 71.9 MPH)
Arturo Diaz to second
Batting: LHB Keith Ballinger 0-0: Called Strike
0-1: Fly out, F4 (Popup, 4MD, EV 45.0 MPH)
Bottom of the 3rd over - 0 runs, 1 hit, 0 errors, 1 left on base; Tampa 5 - Clearwater 3
TOP OF THE 4TH
Tampa Yankees batting - Pitching for Clearwater Threshers : RHP Vantrell Wilson
Batting: RHB Nelson Rodriguez 0-0: Called Strike
0-1: Ball
1-1: Fly out, F8 (Flyball, 8RM, EV 96.3 MPH)
Batting: SHB Jaime Bennett 0-0: Ball
1-0: Called Strike
1-1: Ball
2-1: SINGLE (Flyball, 4D, EV 83.8 MPH)
Batting: LHB Ruben Jauregui 0-0: Called Strike
0-1: Foul Ball, location: 2F
0-2: Ball
1-2: SINGLE (Line Drive, 34D, EV 101.9 MPH)
Jaime Bennett to second
Batting: LHB Danny Grimes 0-0: Ball
1-0: Called Strike
1-1: Ball
2-1: Foul Ball, location: 7LMF
2-2: Foul Ball, location: 2F
2-2: Foul Ball, location: 7LMF
2-2: Strikes out swinging
Batting: SHB Abraham Morfin 0-0: Called Strike
0-1: Ground out 3-1 (Groundball, 34, EV 100.0 MPH)
Top of the 4th over - 0 runs, 2 hits, 0 errors, 2 left on base; Tampa 5 - Clearwater 3
BOTTOM OF THE 4TH
Clearwater Threshers batting - Pitching for Tampa Yankees : RHP Justin Pigott
Batting: RHB Pete Arden 0-0: Ground out 6-3 (Groundball, 6, EV 86.3 MPH)
Batting: RHB Juan Diaz 0-0: Called Strike
0-1: Ball
1-1: Ball
2-1: Ball
3-1: Called Strike
3-2: Ground out 6-3 (Groundball, 6, EV 85.6 MPH)
Batting: RHB Melvin Hanks 0-0: Ball
1-0: Called Strike
1-1: Foul Ball, location: 2F
1-2: Ball
2-2: Foul Ball, location: 5FF
2-2: Ball
3-2: Foul Ball, location: 5FF
3-2: Foul Ball, location: 2F
3-2: Strikes out swinging
Bottom of the 4th over - 0 runs, 0 hits, 0 errors, 0 left on base; Tampa 5 - Clearwater 3
TOP OF THE 5TH
Tampa Yankees batting - Pitching for Clearwater Threshers : RHP Vantrell Wilson
Batting: RHB Jack Duval 0-0: Ball
1-0: Foul Ball, location: 3F
1-1: Foul Ball, location: 2RF
1-2: Ball
2-2: Foul Ball, location: 2F
2-2: Ball
3-2: Base on Balls
Batting: RHB Jarrod Bryant 0-0: Called Strike
0-1: Ball
1-1: Swinging Strike
1-2: Ball
2-2: Fly out, F4 (Popup, 34, EV 61.3 MPH)
Batting: SHB Paul Kneeland 0-0: Grounds into double play, 5-4-3 (Groundball, 56, EV 89.4 MPH)
Top of the 5th over - 0 runs, 0 hits, 0 errors, 0 left on base; Tampa 5 - Clearwater 3
BOTTOM OF THE 5TH
Clearwater Threshers batting - Pitching for Tampa Yankees : RHP Justin Pigott
Batting: RHB John Pierce 0-0: Swinging Strike
0-1: Foul Ball, location: 2F
0-2: Foul Ball, location: 7LMF
0-2: Ball
1-2: Ball
2-2: Ball
3-2: Ground out 6-3 (Groundball, 6, EV 78.8 MPH)
Batting: RHB Ahmet Mripa 0-0: Reached on error, E3 (Groundball, 34S, EV 91.3 MPH)
Batting: LHB Isaiah Flagg 0-0: Ball
1-0: SINGLE (Line Drive, 6D, EV 96.9 MPH)
Ahmet Mripa to second
Batting: LHB Arturo Diaz 0-0: Called Strike
0-1: Fly out, F8 (Flyball, 8RD, EV 103.1 MPH)
Runner from 2nd tags up, SAFE at 3rd with throw by CF
Batting: RHB George Cantrelle 0-0: SINGLE (Line Drive, 56D, EV 106.9 MPH)
Ahmet Mripa scores
Isaiah Flagg to second
Batting: LHB Keith Ballinger 0-0: Ball
1-0: Ball
Wild Pitch!
Isaiah Flagg to third
George Cantrelle to second
2-0: Ball
3-0: Called Strike
3-1: Foul Ball, location: 2F
3-2: Fly out, F7 (Flyball, 7LS, EV 81.9 MPH)
Bottom of the 5th over - 1 run, 2 hits, 1 error, 2 left on base; Tampa 5 - Clearwater 4
TOP OF THE 6TH
Tampa Yankees batting - Pitching for Clearwater Threshers : RHP Vantrell Wilson
Batting: SHB Joel Centeno 0-0: Swinging Strike
0-1: SINGLE (Groundball, 3D, EV 98.8 MPH)
Batting: RHB Nelson Rodriguez 0-0: Ball
1-0: Foul Ball, location: 2F
1-1: Ball
2-1: Swinging Strike
2-2: Ball
3-2: Strikes out swinging
Batting: SHB Jaime Bennett 0-0: Called Strike
0-1: Fielders Choice at 2nd, 4-6 (Groundball, 4, EV 81.3 MPH)
Batting: LHB Ruben Jauregui 0-0: Called Strike
0-1: Foul Ball, location: 2F
0-2: SINGLE (Groundball, 34D, EV 97.5 MPH)
Jaime Bennett to second
Runner from 2nd tries for 3rd, SAFE, throw by RF made to third
Batting: LHB Danny Grimes 0-0: Ball
1-0: Ball
2-0: Called Strike
2-1: Foul Ball, location: 9LSF
2-2: Strikes out swinging
Top of the 6th over - 0 runs, 2 hits, 0 errors, 2 left on base; Tampa 5 - Clearwater 4
BOTTOM OF THE 6TH
Clearwater Threshers batting - Pitching for Tampa Yankees : RHP Justin Pigott
Pitching: LHP Nelson Trevino
Batting: RHB Pete Arden 0-0: Called Strike
0-1: Ground out 4-3 (Groundball, 4, EV 81.3 MPH)
Batting: RHB Juan Diaz 0-0: Ball
1-0: Called Strike
1-1: Ball
2-1: Ball
3-1: Base on Balls
Batting: RHB Melvin Hanks 0-0: Ball
1-0: Called Strike
1-1: Foul Ball, location: 2RF
1-2: Strikes out looking
Batting: RHB John Pierce 0-0: Ground out 4-3 (Groundball, 4, EV 103.1 MPH)
Bottom of the 6th over - 0 runs, 0 hits, 0 errors, 1 left on base; Tampa 5 - Clearwater 4
TOP OF THE 7TH
Tampa Yankees batting - Pitching for Clearwater Threshers : RHP Vantrell Wilson
Batting: SHB Abraham Morfin 0-0: Ball
1-0: Ball
2-0: Foul Ball, location: 7LSF
2-1: Ball
3-1: Base on Balls
Batting: RHB Jack Duval 0-0: Ball
1-0: Grounds into double play, 6-4-3 (Groundball, 6, EV 87.5 MPH)
Batting: RHB Jarrod Bryant 0-0: Called Strike
0-1: Ball
1-1: SINGLE (Groundball, 6S, EV 67.5 MPH) (infield hit)
Batting: SHB Paul Kneeland 0-0: Ball
1-0: Ball
2-0: Ball
3-0: Called Strike
3-1: Base on Balls
Jarrod Bryant to second
Pitching: LHP Juan Guzman
Batting: SHB Joel Centeno 0-0: Foul Ball, location: 23F
0-1: Ball
1-1: Ball
2-1: Foul Ball, location: 3F
2-2: Ball
3-2: Foul Ball, location: 2F
3-2: Base on Balls
Jarrod Bryant to third
Paul Kneeland to second
Batting: RHB Nelson Rodriguez 0-0: Called Strike
0-1: Ball
1-1: Swinging Strike
1-2: DOUBLE (Line Drive, 9LD, EV 108.1 MPH)
Jarrod Bryant scores
Paul Kneeland scores
Joel Centeno to third
Runner from 3rd tries for Home, SAFE, throw by RF to home
Batting: SHB Jaime Bennett 0-0: Ground out 6-3 (Groundball, 6S, EV 82.5 MPH)
Top of the 7th over - 3 runs, 2 hits, 0 errors, 1 left on base; Tampa 8 - Clearwater 4
BOTTOM OF THE 7TH
Clearwater Threshers batting - Pitching for Tampa Yankees : LHP Nelson Trevino
Batting: RHB Ahmet Mripa 0-0: Ball
1-0: Ball
2-0: Ball
3-0: Called Strike
3-1: Base on Balls
Batting: LHB Isaiah Flagg 0-0: Ball
1-0: SINGLE (Groundball, 2R, EV 75.6 MPH) (infield hit)
Ahmet Mripa to second
Batting: LHB Arturo Diaz 0-0: Called Strike
0-1: Ball
1-1: Foul Ball, location: 2F
1-2: Strikes out swinging
Batting: RHB George Cantrelle 0-0: Ball
1-0: SINGLE (Groundball, 4MD, EV 106.9 MPH)
Ahmet Mripa to third
Isaiah Flagg to second
Runner from 3rd tries for Home, SAFE, throw by CF to home
Pinch Hitting: RHB John Alsup 0-0: Called Strike
0-1: Foul Ball, location: 2F
0-2: Fly out, F9 (Flyball, 9, EV 81.3 MPH)
Batting: RHB Pete Arden 0-0: Foul Ball, location: 9LSF
0-1: Ball
1-1: Ball
2-1: SINGLE (Flyball, 5D, EV 84.4 MPH)
Isaiah Flagg to third
George Cantrelle to second
Batting: RHB Juan Diaz 0-0: Called Strike
0-1: Foul Ball, location: 2F
0-2: Strikes out swinging
Bottom of the 7th over - 1 run, 3 hits, 0 errors, 3 left on base; Tampa 8 - Clearwater 5
TOP OF THE 8TH
Tampa Yankees batting - Pitching for Clearwater Threshers : LHP Juan Guzman
Now in CF: Heliodoro Resendes
Batting: LHB Ruben Jauregui 0-0: SINGLE (Line Drive, 3D, EV 103.1 MPH)
Batting: LHB Danny Grimes 0-0: Swinging Strike
0-1: Called Strike
0-2: DOUBLE (Flyball, 9LD, EV 98.1 MPH)
Ruben Jauregui to third
Batting: SHB Abraham Morfin 0-0: Called Strike
0-1: Ball
Passed Ball!
Ruben Jauregui scores
Danny Grimes to third
1-1: Foul Ball, location: 2F
1-2: Ball
2-2: Foul Ball, location: 7LSFF
2-2: Fly out, F9 (Flyball, 9D, EV 103.1 MPH)
Runner from 3rd tags up, SCORES, throw by RF
Batting: RHB Jack Duval 0-0: SINGLE (Groundball, 6MD, EV 106.3 MPH)
Batting: RHB Jarrod Bryant 0-0: Ball
1-0: Fly out, F3 (Popup, 34S, EV 83.8 MPH)
Batting: SHB Paul Kneeland 0-0: Ball
1-0: Ball
2-0: Swinging Strike
2-1: Fly out, F5 (Popup, 15, EV 83.1 MPH)
Top of the 8th over - 2 runs, 3 hits, 0 errors, 1 left on base; Tampa 10 - Clearwater 5
BOTTOM OF THE 8TH
Clearwater Threshers batting - Pitching for Tampa Yankees : LHP Nelson Trevino
Batting: RHB Melvin Hanks 0-0: Ground out 1-3 (Groundball, 13, EV 71.3 MPH)
Batting: RHB John Pierce 0-0: Ball
1-0: Ball
2-0: Called Strike
2-1: Ball
3-1: Base on Balls
Batting: RHB Ahmet Mripa 0-0: Called Strike
0-1: Fly out, F6 (Line Drive, 6, EV 68.8 MPH)
Batting: LHB Isaiah Flagg 0-0: Ball
1-0: SINGLE (Line Drive, 9LM, EV 106.3 MPH)
John Pierce to second
Batting: LHB Arturo Diaz 0-0: Fielders Choice at 3rd, U5 (Groundball, 5, EV 98.1 MPH)
Bottom of the 8th over - 0 runs, 1 hit, 0 errors, 1 left on base; Tampa 10 - Clearwater 5
TOP OF THE 9TH
Tampa Yankees batting - Pitching for Clearwater Threshers : LHP Juan Guzman
Batting: SHB Joel Centeno 0-0: Called Strike
0-1: SINGLE (Groundball, 34D, EV 97.5 MPH)
Batting: RHB Nelson Rodriguez 0-0: Called Strike
0-1: SINGLE (Groundball, 34D, EV 99.4 MPH)
Joel Centeno to second
Batting: SHB Jaime Bennett 0-0: Foul Ball, location: 23F
0-1: Ball
1-1: Ball
2-1: Ball
3-1: Base on Balls
Joel Centeno to third
Nelson Rodriguez to second
Batting: LHB Ruben Jauregui 0-0: Called Strike
0-1: Ball
1-1: Called Strike
1-2: Foul Ball, location: 2F
1-2: Ball
2-2: Foul Ball, location: 7LDF
2-2: Foul Ball, location: 2F
2-2: Foul Ball, location: 2F
2-2: Ball
3-2: Base on Balls
Joel Centeno scores
Nelson Rodriguez to third
Jaime Bennett to second
Pitching: RHP Jim Unknown
Batting: LHB Danny Grimes 0-0: Ball
1-0: Ball
2-0: Called Strike
2-1: Ball
3-1: Swinging Strike
3-2: Base on Balls
Nelson Rodriguez scores
Jaime Bennett to third
Ruben Jauregui to second
Pinch Hitting: RHB Keith Dominguez 0-0: Called Strike
0-1: Swinging Strike
0-2: Ball
Balk!
Jaime Bennett scores
Ruben Jauregui to third
Danny Grimes to second
1-2: SINGLE (Line Drive, 4D, EV 99.4 MPH)
Ruben Jauregui scores
Danny Grimes to third
Pinch Hitting: RHB Jason Torres 0-0: Swinging Strike
0-1: Ball
1-1: Swinging Strike
1-2: SINGLE (Line Drive, 89S, EV 94.4 MPH)
Danny Grimes scores
Keith Dominguez to second
Batting: RHB Jarrod Bryant 0-0: Called Strike
0-1: Ball
1-1: Ball
2-1: Grounds into double play, 6-4-3 (Groundball, 56, EV 88.8 MPH)
Keith Dominguez to third
Batting: SHB Paul Kneeland 0-0: Swinging Strike
0-1: Ball
1-1: Foul Ball, location: 2F
1-2: Foul Ball, location: 2F
1-2: Foul Ball, location: 2F
1-2: Ball
2-2: Foul Ball, location: 9LMF
2-2: Ground out 4-3 (Groundball, 4, EV 81.3 MPH)
Top of the 9th over - 5 runs, 4 hits, 0 errors, 1 left on base; Tampa 15 - Clearwater 5
BOTTOM OF THE 9TH
Clearwater Threshers batting - Pitching for Tampa Yankees : LHP Nelson Trevino
Now at SS: Jason Torres
Now in LF: Keith Dominguez
Batting: RHB George Cantrelle 0-0: Swinging Strike
0-1: Ball
1-1: Swinging Strike
1-2: Strikes out swinging
Pinch Hitting: LHB Ruben Montanez 0-0: Ball
1-0: Ball
2-0: Called Strike
2-1: SINGLE (Line Drive, 4M, EV 99.4 MPH)
Pitching: RHP Joe Coffey
Batting: RHB Pete Arden 0-0: Ball
1-0: Ball
2-0: Ball
Wild Pitch!
Ruben Montanez to second
3-0: Called Strike
3-1: Base on Balls
Pinch Hitting: RHB Dan Williams 0-0: Called Strike
0-1: Swinging Strike
0-2: Foul Ball, location: 2F
0-2: Ball
1-2: Foul Ball, location: 2LF
1-2: Fly out, F4 (Popup, 23, EV 93.8 MPH)
Pinch Hitting: LHB Omar Buena 0-0: Ball
1-0: Ball
2-0: Ball
3-0: Called Strike
3-1: Base on Balls
Ruben Montanez to third
Pete Arden to second
Batting: RHB John Pierce 0-0: Called Strike
0-1: Ball
1-1: Foul Ball, location: 2F
1-2: Foul Ball, location: 23F
1-2: Strikes out swinging
Bottom of the 9th over - 0 runs, 1 hit, 0 errors, 3 left on base; Tampa 15 - Clearwater 5
Tuesday, April 9th , 2024 - OOTP Baseball 24.11 Build 85